 Dungeon Crawl Stone Soup version 0.29.1-12-g30fa7ad0bf (webtiles) character file.

Game seed: 15633455220220152294

5929 Radix the Geomancer (level 10, -2/50 HPs)
             Began as a Gargoyle Earth Elementalist on Dec 27, 2022.
             Was a Believer of Vehumet.
             Shot with an arrow by a centaur warrior (13 damage)
             ... on level 8 of the Dungeon.
             The game lasted 01:02:42 (7436 turns).

Radix the Geomancer (Gargoyle Earth Elementalist)   Turns: 7436, Time: 01:02:42

Health: -2/50      AC: 21    Str: 18    XL:     10   Next: 83%
Magic:  4/21       EV: 11    Int: 25    God:    Vehumet [**....]
Gold:   324        SH:  0    Dex: 16    Spells: 3/24 levels left

rFire   . . .      SeeInvis .   r - +4 dagger "Morg" {pain, Will+ Int+5}
rCold   . . .      Faith    .   (no shield)
rNeg    + . .      Spirit   .   B - quicksilver dragon scales
rPois   ∞          Reflect  .   D - +1 hat {Will+}
rElec   +          Harm     .   x - +0 cloak
rCorr   .          Rampage  .   (no gloves)
Will    +++..                   u - +2 pair of boots
Stlth   +.........              h - amulet of regeneration
HPRegen 0.96/turn               y - +6 ring of dexterity
MPRegen 0.17/turn               s - +6 ring of strength

@: no status effects
A: sickness immunity, AC +7, negative energy resistance 1, electricity
resistance, torment resistance 1, petrification resistance
a: Renounce Religion


You were on level 8 of the Dungeon.
You worshipped Vehumet.
Vehumet was pleased with you.
You visited 2 branches of the dungeon, and saw 9 of its levels.
You also visited: Sewer.

You collected 500 gold pieces.
You spent 176 gold pieces at shops.

Inventory:

Hand Weapons
 i - a +1 dagger of venom
 j - a +1 vampiric whip
 n - the +8 falchion "Qoibopn" {flame, rN+ rCorr}
   (You found it on level 2 of the Dungeon)

   It burns those it strikes, dealing additional fire damage.
   Big, fiery blades are also staple armaments of hydra-hunters.
   rN:        It protects you from negative energy.
   rCorr:     It protects you from acid and corrosion.
 r - the +4 dagger "Morg" (weapon) {pain, Will+ Int+5}
   (You found it on level 2 of the Dungeon)

   In the hands of one skilled in necromantic magic, it inflicts extra damage on
   living creatures.
   Int:       It affects your intelligence (+5).
   Will:      It increases your willpower.
 P - a +2 flail of protection
Missiles
 H - 2 throwing nets
Armour
 a - a +0 robe
 f - a +0 pair of boots
 k - a +0 helmet
 u - a +2 pair of boots (worn)
 x - a +0 cloak (worn)
 B - quicksilver dragon scales (worn)
 D - a +1 hat of willpower (worn)
Magical Staves
 b - a staff of earth
Jewellery
 h - an amulet of regeneration (around neck)
 s - a +6 ring of strength (right hand)
 t - a ring of ice
 y - a +6 ring of dexterity (left hand)
 J - a ring of positive energy
 L - a ring of magical power
Wands
 E - a wand of paralysis (5)
 Q - a wand of flame (17)
Scrolls
 e - a scroll of immolation
 q - a scroll of enchant weapon
 w - a scroll of summoning {unknown}
 F - 4 scrolls of identify
 M - a scroll of silence {unknown}
 N - a scroll of vulnerability {unknown}
Potions
 c - a potion of invisibility {unknown}
 g - a potion of flight {unknown}
 m - 4 potions of berserk rage
 o - a potion of might {unknown}
 p - 2 potions of mutation {unknown}
 v - 2 potions of curing
 z - a potion of brilliance {unknown}
 A - 3 potions of heal wounds {unknown}
 C - a potion of attraction {unknown}
 G - a potion of lignification {unknown}
 I - 2 potions of haste {unknown}
 O - a potion of cancellation {unknown}


   Skills:
 - Level 1.5 Dodging
 - Level 2.1 Stealth
 + Level 7.6 Spellcasting
 + Level 9.1 Conjurations
 - Level 0.7 Transmutations
 + Level 7.4 Fire Magic
 + Level 10.3 Earth Magic


You had 3 spell levels left.
You knew the following spells:

 Your Spells              Type           Power      Damage    Failure   Level
a - Sandblast             Erth           100%       2d20      1%          1
b - Stone Arrow           Conj/Erth      100%       3d13      1%          3
c - Sticky Flame          Conj/Fire      50%        2d7       3%          4
d - Fireball              Conj/Fire      25%        3d11      11%         5
e - Passwall              Tmut/Erth      30%        N/A       1%          2
f - Starburst             Conj/Fire      25%        6d8       50%         6

Your spell library contained the following spells:

 Spells                   Type           Power      Damage    Failure   Level
 Poisonous Vapours        Pois/Air       18%        N/A       17%         2
 Magic Dart               Conj           100%       1d8       1%          1
 Conjure Flame            Conj/Fire      50%        6-21      1%          3
 Mephitic Cloud           Conj/Pois/Air  24%        N/A       10%         3
 Ignite Poison            Fire/Tmut/Pois 23%        N/A       11%         3
 Apportation              Tloc           18%        N/A       12%         1
 Necrotise                Necr           36%        1d5       12%         1
 Summon Small Mammal      Summ           36%        N/A       12%         1
 Blink                    Tloc           18%        N/A       17%         2
 Call Imp                 Summ           9%         N/A       17%         2
 Summon Guardian Golem    Hex/Summ       9%         N/A       34%         3
 Tukima's Dance           Hex            9%         N/A       34%         3
 Vampiric Draining        Necr           9%         2d6       34%         3
 Petrify                  Tmut/Erth      37%        N/A       12%         4
 Passage of Golubria      Tloc           9%         N/A       75%         4
 Orb of Destruction       Conj           26%        9d9       92%         7
 Yara's Violent Unravell  Hex/Tmut       5%         3d4       95%         5
 Agony                    Necr           9%         N/A       97%         5
 Manifold Assault         Tloc           9%         N/A       97%         5
 Spellforged Servitor     Conj/Summ      16%        N/A       100%        7
 Storm Form               Tmut/Air       5%         N/A       100%        7
 Ignition                 Fire           23%        3d8       100%        8


Dungeon Overview and Level Annotations

Branches:
Dungeon (8/15)             Temple (1/1) D:6           Sewer (visited)
   Lair: D:8-11

Altars:
Ashenzari
Elyvilon
Gozag
Makhleb
Okawaru
Sif Muna
Uskayaw
Vehumet
Xom
Yredelemnul

Shops:
D:4 [


Innate Abilities, Weirdness & Mutations

You are immune to sickness and miasma.
Your stone body is resilient. (AC +7)
You are immune to poison.
You resist negative energy. (rN+)
You are resistant to electric shocks. (rElec)
You are resistant to unholy torment.
You are immune to petrification.


Message History

Confirm with . or Enter, or press ? or * to list all spells.
Aiming: Stone Arrow (safe; 1% risk of failure)
Press: ? - help, Shift-Dir - straight line, f - yak
Aim: a yak (87% to hit)
The stone arrow hits the yak!!
The yak is heavily wounded.
The yak gores you.
Casting: Stone Arrow (safe; 1% risk of failure)
Confirm with . or Enter, or press ? or * to list all spells.
Aiming: Stone Arrow (safe; 1% risk of failure)
Press: ? - help, Shift-Dir - straight line, f/p - yak
Aim: a yak (heavily wounded, 87% to hit)
The stone arrow hits the yak!!
The yak is almost dead.
The yak gores you.
Casting: Stone Arrow (safe; 1% risk of failure)
Confirm with . or Enter, or press ? or * to list all spells.
Aiming: Stone Arrow (safe; 1% risk of failure)
Press: ? - help, Shift-Dir - straight line, f/p - yak
Aim: a yak (almost dead, 87% to hit)
The stone arrow hits the yak!
You kill the yak!
Vehumet accepts your kill.
The centaur warrior shoots an arrow.
The arrow hits you!
Casting: Stone Arrow (safe; 1% risk of failure)
Confirm with . or Enter, or press ? or * to list all spells.
Aiming: Stone Arrow (safe; 1% risk of failure)
Press: ? - help, Shift-Dir - straight line, f - orc wizard
Aim: an orc wizard, wielding a +0 dagger and wearing a +0 robe (severely wounded, 72% to hit)
The stone arrow hits the orc wizard!!
You kill the orc wizard!
Vehumet accepts your kill.
The centaur warrior shoots an arrow.
The arrow hits you!
* * * LOW HITPOINT WARNING * * *
Okay, then.
Okay, then.
You feel better.
The centaur warrior shoots an arrow.
The arrow hits you.
* * * LOW HITPOINT WARNING * * *
The centaur warrior shoots an arrow.
The arrow hits you!
You die...

#?.)# #.# ##.##
#.# #.# #.#
#######.# #.#
........######.#
......#........#
......#.{####..##
..... #.#####...#
##.## #c)@....#.#
... #.#####...#
.. #.#####..#####
#Y...........#
#)#####..###.#
#Y(####..# #
Y........###....
Y...^...........
..#####.#######.


You could see a centaur warrior.

Vanquished Creatures
  A two-headed ogre (D:7)
  A sixfirhy (D:7)
  The ghost of wormed the Chopper, an amateur HOFi (D:4)
  6 yaks (D:8)
  2 wargs (D:8)
  3 water moccasins
  Pargi (Sewer)
  A black bear (D:7)
  3 ice beasts
  An orc warrior (D:8)
  3 sky beasts
  An ogre (D:7)
  2 centaurs
  A kobold brigand (D:7)
  6 bullfrogs
  3 necrophages
  2 scorpions
  3 electric eels (D:6)
  3 howler monkeys
  A jelly (D:5)
  7 hounds
  3 orc priests
  A bullfrog zombie (D:4)
  2 gnoll boudas
  A bullfrog skeleton (D:4)
  An iguana (D:7)
  Natasha (thrice) (D:2)
  7 orc wizards
  2 killer bee zombies (D:4)
  Robin (D:3)
  18 gnolls
  A howler monkey skeleton (D:4)
  11 adders
  A white imp (D:7)
  2 ufetubi
  3 worms
  An adder skeleton (D:2)
  An adder zombie (D:2)
  4 dart slugs
  15 orcs
  5 ball pythons
  4 endoplasms
  2 giant cockroaches (D:1)
  21 goblins
  5 hobgoblins
  2 jackals (D:3)
  7 kobolds
  A quokka (D:2)
  2 ball python skeletons (D:2)
  A ball python zombie (D:2)
  16 bats
  4 frilled lizards
  A quokka zombie (D:2)
  8 rats
209 creatures vanquished.

Vanquished Creatures (others)
  A quokka (D:5)
  35 plants
  7 withered plants (D:2)
43 creatures vanquished.

Grand Total: 252 creatures vanquished

Notes
Turn   | Place    | Note
-------+----------+-------------------------------------------
     0 | D:1      | Radix the Gargoyle Earth Elementalist began the quest for
                  | the Orb.
     0 | D:1      | Reached XP level 1. HP: 10/10 MP: 3/3
   176 | D:1      | Reached XP level 2. HP: 12/15 MP: 5/5
   231 | D:1      | Reached skill level 4 in Earth Magic
   639 | D:1      | Reached XP level 3. HP: 19/19 MP: 3/6
  1462 | D:2      | You fall into a shaft and drop 1 floor!
  1511 | D:3      | Found the +8 whip "Snakebite" {venom, curare, rPois}
  1580 | D:3      | Found a faded altar of an unknown god.
  1587 | D:3      | Learned a level 3 spell: Stone Arrow
  1705 | D:3      | Noticed Robin
  1723 | D:3      | Reached XP level 4. HP: 24/24 MP: 5/8
  1781 | D:3      | Killed Robin
  1899 | D:2      | Reached skill level 1 in Conjurations
  1914 | D:2      | Found a white marble altar of Elyvilon.
  1936 | D:2      | Identified the +8 falchion "Qoibopn" {flame, rN+ rCorr}
  2286 | D:2      | Noticed Natasha
  2287 | D:2      | Found the +4 dagger "Morg" {pain, Will+ Int+5}
  2291 | D:2      | Killed Natasha
  2292 | D:2      | Reached XP level 5. HP: 28/28 MP: 5/9
  2734 | D:2      | Noticed Natasha
  2738 | D:2      | Killed Natasha
  2892 | D:2      | Noticed Natasha
  2900 | D:2      | Killed Natasha
  3091 | D:3      | Reached skill level 5 in Earth Magic
  3795 | D:4      | Found a glowing drain.
  3797 | D:4      | Reached XP level 6. HP: 32/32 MP: 8/10
  3799 | D:4      | Reached skill level 1 in Fire Magic
  3862 | D:4      | Found Ephe's Armour Boutique.
  4004 | D:4      | Found an opulent altar of Gozag.
  4054 | D:4      | Found a runed translucent gate.
  4054 | D:4      | Found a runed translucent gate.
  4054 | D:4      | Found a runed translucent gate.
  4089 | D:4      | Reached XP level 7. HP: 36/36 MP: 8/12
  4213 | D:4      | Bought a +1 hat of willpower for 176 gold pieces
  4345 | D:4      | Noticed wormed's ghost (amateur HOFi)
  4395 | D:4      | Killed wormed's ghost
  4396 | D:4      | Reached skill level 6 in Earth Magic
  4397 | D:4      | Reached skill level 5 in Conjurations
  4486 | Sewer    | Entered a sewer
  4594 | Sewer    | Noticed Pargi
  4598 | Sewer    | Killed Pargi
  4599 | Sewer    | Reached XP level 8. HP: 41/41 MP: 4/14
  4685 | D:4      | Learned a level 4 spell: Sticky Flame
  4686 | D:5      | Entered Level 5 of the Dungeon
  5204 | D:5      | Reached skill level 7 in Earth Magic
  5243 | D:5      | Found a white marble altar of Elyvilon.
  5437 | D:6      | Reached skill level 5 in Spellcasting
  5616 | D:6      | Found a staircase to the Ecumenical Temple.
  5626 | Temple   | Entered the Ecumenical Temple
  5698 | Temple   | Became a worshipper of Vehumet
  5822 | D:6      | Found an iron altar of Okawaru.
  5822 | D:6      | Found a broken altar of Ashenzari.
  5822 | D:6      | Found a shimmering altar of Xom.
  5827 | D:6      | Found a shimmering blue altar of Sif Muna.
  5977 | D:6      | Reached XP level 9. HP: 45/45 MP: 12/17
  6396 | D:7      | Reached skill level 5 in Fire Magic
  6396 | D:7      | Reached skill level 8 in Earth Magic
  6443 | D:7      | Learned a level 5 spell: Fireball
  6446 | D:7      | Learned a level 2 spell: Passwall
  6486 | D:7      | Found a runed translucent door.
  6487 | D:7      | Found a burning altar of Makhleb.
  6487 | D:7      | Noticed a sixfirhy
  6514 | D:7      | Killed a sixfirhy
  6613 | D:7      | Reached skill level 9 in Earth Magic
  6641 | D:7      | Reached * piety under Vehumet
  6641 | D:7      | Offered knowledge of Freeze by Vehumet.
  6723 | D:7      | Noticed a two-headed ogre
  6731 | D:7      | Killed a two-headed ogre
  6732 | D:7      | Reached XP level 10. HP: 38/50 MP: 5/20
  6965 | D:7      | Noticed a +0 dagger
  6966 | D:7      | Noticed a +0 falchion
  6967 | D:7      | Noticed a +0 short sword
  6970 | D:7      | Noticed a +0 short sword
  6970 | D:7      | Noticed a +0 falchion
  6970 | D:7      | Noticed a +0 spear
  6970 | D:7      | Noticed a +0 spear
  6971 | D:7      | Noticed a +0 dagger
  6972 | D:7      | Found a hide-covered altar of Uskayaw.
  7064 | D:7      | Learned a level 6 spell: Starburst
  7388 | D:8      | Offered knowledge of Poisonous Vapours by Vehumet.
  7389 | D:8      | Noticed a centaur warrior
  7412 | D:8      | Reached skill level 10 in Earth Magic
  7412 | D:8      | Reached ** piety under Vehumet
  7436 | D:8      | Shot with an arrow by a centaur warrior

Illustrated notes

Levels and vault maps discovered:
D:1:      amcnicky_arrival_double_pillar, layout_loops_corners, nrook_campfire
D:2:      layout_loops_corners, basic_altar, dilly_guarded_unrand_morg
D:3:      layout_loops_corners, shapermc_ecumenical_altar_starsandcircs,
          uniq_robin
D:4:      layout_basic, nicolae_gozag_cash_rules_everything_around_me,
          gup_sewer_entry_glass, gammafunk_ghost_necromancy, serial_shops,
          nicolae_square_shop
D:5:      layout_basic, elyvilon_altar_4
D:6:      layout_basic, minitemple, minmay_temple_entry_waves, serial_bayou,
          serial_bayou_pond_b, serial_bayou_crossing, serial_bayou_lagoon_a,
          serial_bayou_pond_c
D:7:      layout_basic, nicolae_uskayaw_en_pointe, nzn_makhleb_speed_demon,
          serial_rivers, chequers_serial_rivers_marsh,
          chequers_serial_rivers_large_a, chequers_serial_rivers_micro_c,
          chequers_serial_rivers_micro_b, chequers_serial_rivers_small_3,
          st_stairs_8, serial_bayou_pond_b, minmay_fractal_squares_gapless_5
D:8:      minmay_curly_fans, layout_loops_ring,
          mainiacjoe_overflow_cross_hatched, erik_lair_orcish_takeover,
          minivault_1
Temple:   nicolae_temple_figure_eight

Skill      XL: |  1  2  3  4  5  6  7  8  9 10 |
---------------+-------------------------------+-----
Earth Magic    | 4 5 6 7 9 10 | 10.3
Spellcasting   | 3 4 5 6 7 |  7.6
Conjurations   | 2 3 4 5 6 8 9 |  9.1
Fire Magic     | 1 3 4 6 7 |  7.4
Dodging        | |  1.5
Stealth        | |  2.1
Transmutations | |  0.7

Action                   |  1- 3 |  4- 6 |  7- 9 | 10-12 || total
-------------------------+-------+-------+-------+-------++-------
Melee: Trident           |     5 |       |       |       ||     5
       Unarmed           |     5 |       |       |       ||     5
       Spear             |     1 |       |       |       ||     1
       Falchion          |       |    24 |       |       ||    24
       Dagger            |       |    59 |    47 |    33 ||   139
 Cast: Sandblast         |    41 |    69 |    93 |    47 ||   250
       Stone Arrow       |       |       |    24 |     7 ||    31
       Fireball          |       |       |       |     6 ||     6
  Use: Scroll            |       |       |    10 |     2 ||    12
       Potion            |       |       |     2 |     4 ||     6
 Stab: Sleeping          |     1 |     2 |       |       ||     3
Armor: Robe              |    10 |    38 |       |       ||    48
       Quicksilver drago |       |       |    74 |    61 ||   135
Dodge: Dodged            |    14 |    64 |    73 |    40 ||   191
